 Dungeon Crawl Stone Soup version 0.31-a0-818-ge7c7cf74f0 (webtiles) character file.

Game seed: 1456226348963682043

336 IdlyInterested the Trooper (level 6, -1/48 HPs)
             Began as a Demonspawn Fighter on Sept 21, 2023.
             Slain by a small abomination (16 damage)
             ... on level 4 of the Dungeon on Sept 22, 2023.
             The game lasted 00:14:51 (4047 turns).

IdlyInterested the Trooper (Demonspawn Fighter)     Turns: 4047, Time: 00:14:51

Health: -1/48      AC:  3    Str: 16    XL:     6   Next: 28%
Magic:  19/19      EV: 12    Int: 12    God:
Gold:   168        SH:  5    Dex: 12    Spells: 11/11 levels left

rFire   + . .        v - +2 rapier (venom)
rCold   + . .        q - +1 buckler {rC+ rF+}
rNeg    . . .        u - +0 troll leather armour
rPois   .            (no helmet)
rElec   .            (no cloak)
rCorr   .            (no gloves)
SInv    .            (no boots)
Will    .....        (no amulet)
Stlth   +            s - ring of flight
HPRegen 1.08/turn    r - ring of magical power
MPRegen 0.16/turn

%: no passive effects
@: mighty, flying, studying Long Blades
A: hooves 2, spiny 1
a: no special abilities


You were on level 4 of the Dungeon.
You visited 1 branch of the dungeon, and saw 4 of its levels.
You also visited: Sewer.

You collected 168 gold pieces.

Inventory:

Hand Weapons
 a - a +0 rapier
 f - a +0 short sword
 i - a +0 dagger
 v - a +2 rapier of venom (weapon)
 A - a +0 short sword of protection
Missiles
 e - 26 stones (quivered)
 k - 5 boomerangs
 z - 10 poisoned darts
Armour
 c - a +0 buckler
 q - a +1 buckler of resistance (worn)
 u - a +0 troll leather armour (worn)
Jewellery
 r - a ring of magical power (right hand)
 s - a ring of flight (left hand)
 G - a ring of ice
Talismans
 y - a flux talisman
Scrolls
 j - a scroll of fog
 p - a scroll of identify {unknown}
 t - a scroll of enchant armour
 w - a scroll of blinking
 D - a scroll of amnesia
Potions
 d - 3 potions of might
 g - 3 potions of heal wounds
 h - 2 potions of invisibility {unknown}
 m - a potion of resistance {unknown}
 n - a potion of attraction {unknown}
 o - a potion of lignification {unknown}
 x - 2 potions of degeneration {unknown}
 E - a potion of enlightenment {unknown}
 H - a potion of mutation {unknown}


   Skills:
 - Level 4.0 Fighting
 - Level 2.0 Short Blades
 * Level 0.8 Throwing
 - Level 3.0 Armour
 - Level 3.0 Dodging
 - Level 3.0 Shields
 + Level 3.3 Spellcasting


You had 11 spell levels left.
You didn't know any spells.
Your spell library contained the following spells:

 Spells                   Type           Power      Damage    Failure   Level
 Freeze                   Ice            4%         1d3       36%         1
 Wereblood                Tmut           1%         N/A       50%         2
 Dazzling Flash           Conj/Hex       2%         N/A       75%         3
 Frozen Ramparts          Ice            2%         1d1       75%         3
 Hailstorm                Conj/Ice       1%         3d3       75%         3
 Ignite Poison            Fire/Tmut/Pois 1%         N/A       75%         3
 Ozocubu's Armour         Ice            1%         N/A       75%         3
 Volatile Blastmotes      Fire/Tloc      2%         2d10      75%         3
 Sticky Flame             Conj/Fire      1%         2d3       98%         4
 Summon Ice Beast         Ice/Summ       1%         N/A       98%         4
 Irradiate                Conj/Tmut      0%         3d11      100%        5
 Metabolic Englaciation   Hex/Ice        0%         N/A       100%        5
 Simulacrum               Ice/Necr       0%         N/A       100%        6
 Starburst                Conj/Fire      0%         6d3       100%        6
 Ignition                 Fire           0%         3d3       100%        8
 Maxwell's Capacitive Co  Air            0%         ∞         100%        8


Dungeon Overview and Level Annotations

Branches:
Dungeon (4/15)              Sewer (visited)
 Temple: D:4-7

Altars:
Trog

Portals:
Abyss: D:4

Annotations:
D:4 1 transporter, lunkers's ghost, amateur MeWn


Innate Abilities, Weirdness & Mutations

You have hoof-like feet.
You are partially covered in sharp spines.


Message History

The small abomination is struck by your spines.
The small abomination hits you!
You block the small abomination's attack.
The small abomination closely misses you.
You hit the small abomination but do no damage.
Your kick misses the small abomination.
The small abomination is lightly damaged.
The small abomination hits you!!
* * * LOW HITPOINT WARNING * * *
The small abomination hits you!
* * * LOW HITPOINT WARNING * * *
You feel very mighty all of a sudden.
The small abomination closely misses you.
The small abomination hits you.
* * * LOW HITPOINT WARNING * * *
Unknown command.
You barely miss the small abomination. You kick the small abomination.
The small abomination is moderately damaged.
You block the small abomination's attack. x2
You closely miss the small abomination. You kick the small abomination!
The small abomination is severely damaged.
The small abomination is struck by your spines.
The small abomination completely misses you.
You block the small abomination's attack.
The small abomination is struck by your spines.
You destroy the small abomination!
Training target 3.0 for Dodging reached!
Training target 4.0 for Fighting reached!
Your Fighting skill increases to level 4!
Your Dodging skill increases to level 3!
You need to enable at least one skill for training.
You have reached level 6!
It was a potion of heal wounds.
You feel much better. The small abomination hits you.
You barely miss lunkers's ghost. You kick lunkers's ghost.
Lunkers's ghost is lightly damaged.
The small abomination is struck by your spines.
The small abomination hits you! Lunkers's ghost hits you.
Lunkers's ghost closely misses you. The small abomination hits you!
You die...

#...#.....©...#.##.#.......#
#.#......###..##.."#.....#.#
..##....##.##.©#...##....#.#
#.###..###K.#.##....##...#.######
#.###..##.#.###.#.#..#.........).
........##.#. .#.#.#.##..#.######
...#.....#$##. ..#x..x#..#.#
.........#.# # #Wx###.#..#.#
.####....##.####@##.###..#.# .#
#.....###..###.........# .#
#......................# .#
#....................#.# .#
####..........#......#.# .#
########...###.#.####.#.######
.###...........##.#.####.#.......
.>##...........##.#......########
..##...........##...######


You could see 2 small abominations and lunkers's ghost.

Vanquished Creatures
  A small abomination (D:4)
  Pargi (Sewer)
  3 adders
  A river rat (D:3)
  3 worms
  8 orcs
  4 bats
  6 endoplasms
  5 giant cockroaches
  11 goblins
  5 hobgoblins
  2 quokkas
  9 ball pythons
  6 frilled lizards
  7 kobolds
  6 rats
78 creatures vanquished.

Notes
Turn   | Place    | Note
-------+----------+-------------------------------------------
     0 | D:1      | IdlyInterested the Demonspawn Fighter began the quest for
                  | the Orb.
     0 | D:1      | Reached XP level 1. HP: 18/18 MP: 1/1
    66 | D:1      | Reached skill level 1 in Spellcasting
    90 | D:1      | Gained mutation: You have large cloven feet. [demonic
                  | ancestry]
    90 | D:1      | Reached XP level 2. HP: 21/24 MP: 3/3
   959 | D:2      | Found a faded altar of an unknown god.
  1073 | D:2      | Found a bloodstained altar of Trog.
  1523 | D:2      | You are sucked into a shaft and drop 1 floor!
  1557 | D:3      | Gained mutation: You have hoof-like feet. [demonic
                  | ancestry]
  1557 | D:3      | Reached XP level 3. HP: 24/29 MP: 6/6
  1592 | D:3      | Found a glowing drain.
  1600 | Sewer    | Entered a sewer
  1634 | Sewer    | Noticed Pargi
  1647 | Sewer    | Killed Pargi
  1648 | Sewer    | Reached skill level 1 in Dodging
  1648 | Sewer    | Gained mutation: You are partially covered in sharp spines.
                  | [demonic ancestry]
  1648 | Sewer    | Reached XP level 4. HP: 24/35 MP: 8/8
  1648 | Sewer    | Reached XP level 5. HP: 29/41 MP: 9/9
  2943 | D:2      | Upgraded the game from 0.31-a0-810-ga77100ea1a to
                  | 0.31-a0-818-ge7c7cf74f0
  3251 | D:4      | Noticed a small abomination
  3265 | D:4      | Noticed a small abomination
  3271 | D:4      | Found a transporter.
  3275 | D:4      | Found a one-way gate to the infinite horrors of the Abyss.
  3275 | D:4      | Noticed lunkers's ghost (amateur MeWn)
  3275 | D:4      | Noticed a small abomination
  3506 | D:4      | Found a bloodstained altar of Trog.
  3853 | D:4      | Found a transporter.
  4043 | D:4      | HP: 2/41 [small abomination (4)]
  4045 | D:4      | Killed a small abomination
  4046 | D:4      | Reached skill level 4 in Fighting
  4046 | D:4      | Reached XP level 6. HP: 5/48 MP: 10/10
  4047 | D:4      | Slain by a small abomination

Illustrated notes

Levels and vault maps discovered:
D:1:      dreamdust_arrival_sigmund_warning, layout_basic, supply_closet_lemuel,
          amcnicky_mini_pool_small, minmay_domino_4
D:2:      layout_loops_cross, basic_altar, nicolae_ecumenical_oubliette
D:3:      layout_basic, portal_sewer_entry_e, small_statue_intersection
D:4:      layout_basic, mainiacjoe_overflow_catwalk,
          gammafunk_ghost_abyssal_escape

Skill      XL: |  1  2  3  4  5 |
---------------+----------------+-----
Short Blades   | 2 |  2.0
Spellcasting   | 1 2 3 |  3.3
Armour         | 3 |  3.0
Shields        | 3 |  3.0
Dodging        | 1 3 |  3.0
Fighting       | 4 |  4.0
Throwing       | |  0.8

Action                     |  1- 3 |  4- 6 || total
---------------------------+-------+-------++-------
  Melee: Rapier            |    79 |    68 ||   147
         Kick              |    18 |    23 ||    41
  Throw: Stone             |       |     8 ||     8
         Boomerang         |       |     1 ||     1
    Use: Scroll            |     4 |     4 ||     8
         Potion            |       |     2 ||     2
 Armour: Scale mail        |    62 |    28 ||    90
         Troll leather arm |       |     8 ||     8
  Dodge: Dodged            |    26 |    23 ||    49
  Block: Buckler           |    13 |    12 ||    25

Table legend: (Time is in decaauts)
 A = Elapsed time spent in this place.
 B = Non-inter-level travel time spent in this place.
 C = Inter-level travel time spent in this place.
 D = Time resting spent in this place.
 E = Time spent auto-exploring this place.
 F = Levels seen in this place.
 G = Mean time per level.
                   A        B        C        D        E       F      G
               +--------+--------+--------+--------+--------+-----+--------+
         Total |   4070 |   3317 |    753 |     70 |   2158 |   5 |  814.0 |
       Dungeon |   3802 |   3049 |    753 |     70 |   1970 |   4 |  950.5 |
         Sewer |    267 |    267 |      0 |      0 |    188 |   1 |  267.0 |
               +--------+--------+--------+--------+--------+-----+--------+

Top non-repeatable levels by time:
     D:1: 1104 daAuts
     D:2: 971 daAuts
     D:3: 922 daAuts
     D:4: 803 daAuts
   Sewer: 267 daAuts
